 Dungeon Crawl Stone Soup version 0.15-a0-1293-g4a08026 (webtiles) character file.

352 Infinimo the Chopper (level 6, 0/44 HPs)
             Began as a Demonspawn Gladiator on June 6, 2014.
             Was an Initiate of Makhleb.
             Slain by an adder (1 damage)
             ... on Level 4 of the Dungeon.
             The game lasted 00:04:23 (3764 turns).

Infinimo the Chopper (Demonspawn Gladiator)         Turns: 3764, Time: 00:04:23

HP   0/44        AC  5     Str 15      XL: 6   Next: 34%
MP   0/6         EV 12     Int 12      God: Makhleb [......]
Gold 178         SH  0     Dex 13      Spells:  0 memorised,  5 levels left

rFire  . . .     SeeInvis .     a - +0 war axe
rCold  . . .     Clarity  .     b - +0 leather armour
rNeg   . . .     rCorr    .     (no shield)
rPois  .         rRot     .     c - +0 helmet
rElec  .         Spirit   +     v - +0 cloak
SustAb .         Warding  .     (no gloves)
rMut   .         Stasis   .     (no boots)
Gourm  .                        (no amulet)
MR     .....                    (no ring)
                                (no ring)

@: not resistant to hostile enchantments, very unstealthy
A: powered by pain 2, magic shield
a: Renounce Religion


You were on level 4 of the Dungeon.
You worshipped Makhleb.
Makhleb was noncommittal.
You were very hungry.

You visited 1 branch of the dungeon, and saw 4 of its levels.

You collected 178 gold pieces.

Inventory:

Hand weapons
 a - a +0,+0 war axe (weapon)
Missiles
 d - 3 throwing nets (quivered)
Armour
 b - a +0 leather armour (worn)
 c - a +0 helmet (worn)
 v - a +0 cloak (worn)
Comestibles
 f - 2 bread rations
 h - 5 fruits
 k - 4 meat rations
Scrolls
 e - a scroll of enchant weapon II {unknown}
 n - a scroll of random uselessness {unknown}
 q - 2 scrolls of teleportation {unknown}
 t - a scroll of remove curse {unknown}
 u - a scroll of blinking {unknown}
Potions
 g - a potion of might
 i - a potion of agility {unknown}
 j - 3 potions of curing {unknown}
 l - 2 potions of paralysis
 m - 2 potions of heal wounds {unknown}
 o - a potion of restore abilities {unknown}
 p - a potion of degeneration {unknown}
 r - a potion of brilliance {unknown}
Books
 s - a book of Conjurations

   Spells                             Type                      Level
   Magic Dart                         Conjuration                  1
   Searing Ray                        Conjuration                  2
   Dazzling Spray                     Conjuration/Hexes            3
   Fulminant Prism                    Conjuration/Hexes            4
   Iskenderun's Mystic Blast          Conjuration                  4
   Iskenderun's Battlesphere          Conjuration/Charms           5


   Skills:
 - Level 2.0 Fighting
 * Level 5.5 Axes
 - Level 1.7 Throwing
 + Level 3.2 Armour
 - Level 2.8 Dodging


You had 5 spell levels left.
You didn't know any spells.

Dungeon Overview and Level Annotations

Branches:
Dungeon (4/15)
 Temple: D:4-7

Altars:
Kikubaaqudgha
Makhleb


Innate Abilities, Weirdness & Mutations

You sometimes gain power by taking damage.
When hurt, damage is shared between your health and your magic reserves.


Message History

An ogre comes into view. It is wielding a giant club.
The ogre shouts!
The ogre moves out of view.
An adder comes into view.
There are monsters nearby!
The ogre is lightly wounded.
The ogre is lightly wounded.
The adder bites you. The ogre hits you with a giant club! The adder bites you.
You are too injured to fight recklessly!
You are too injured to fight recklessly!
The ogre is moderately wounded.
The ogre hits you with a giant club.
The ogre is moderately wounded.
The ogre is heavily wounded.
The ogre hits you with a giant club!
* * * LOW HITPOINT WARNING * * *
The adder bites you.
The ogre is heavily wounded.
The adder bites you.
You die...

... #. #..... #.
#...... #. #..... #.
#.... ## .... ### #..
#.. # #O# #.. #. #@# .
#.. #.##.###S# ... #..
#........#...... #..
......#.........S. #..
########..###.####.....
#.. ##...........#.#
#### #..
........#..#.#.########
#..
..(......(.............
# #..
.......(#####..........
###..#..


You could see an ogre and an adder.

Vanquished Creatures
  A water moccasin (D:3)
  Crazy Yiuf (D:4)
  An iguana (D:4)
  3 gnolls (D:2)
  7 adders
  4 giant geckos (D:3)
  2 ball pythons
  9 bats
  7 hobgoblins
  12 jackals
  10 kobolds
  2 oozes
  3 quokkas
  7 giant cockroaches
  3 giant newts
  12 goblins
  12 rats
96 creatures vanquished.

Notes
Turn   | Place    | Note
--------------------------------------------------------------
     0 | D:1      | Infinimo, the Demonspawn Gladiator, began the quest for the Orb.
     0 | D:1      | Reached XP level 1. HP: 16/16 MP: 1/1
    64 | D:1      | Gained mutation: When hurt, damage is shared between your health and your magic reserves. [demonic ancestry]
    64 | D:1      | Reached XP level 2. HP: 22/22 MP: 2/2
    67 | D:1      | Reached skill level 3 in Axes
    68 | D:1      | Reached skill level 1 in Armour
   632 | D:2      | Gained mutation: You sometimes gain a little power by taking damage. [demonic ancestry]
   632 | D:2      | Reached XP level 3. HP: 22/27 MP: 1/3
  1019 | D:2      | Gained mutation: You sometimes gain power by taking damage. [demonic ancestry]
  1019 | D:2      | Reached XP level 4. HP: 2/33 MP: 1/4
  1525 | D:2      | Reached skill level 4 in Axes
  2156 | D:3      | Reached XP level 5. HP: 21/38 MP: 2/5
  2347 | D:3      | Noticed a water moccasin
  2353 | D:3      | Killed a water moccasin
  2353 | D:3      | Reached skill level 5 in Axes
  2740 | D:3      | Reached XP level 6. HP: 44/44 MP: 6/6
  3012 | D:3      | Found an ancient bone altar of Kikubaaqudgha.
  3021 | D:3      | Found a burning altar of Makhleb.
  3094 | D:3      | Became a worshipper of Makhleb the Destroyer
  3432 | D:4      | Noticed Crazy Yiuf
  3444 | D:4      | Killed Crazy Yiuf
  3763 | D:4      | HP: 1/44 [ogre/giant club (16)]
  3764 | D:4      | Slain by an adder

Action                   |  1- 3 |  4- 6 || total
-------------------------+-------+-------++-------
Melee: War axe           |   108 |   199 ||   307
  Use: Scroll            |     2 |       ||     2
